 Dungeon Crawl Stone Soup version 0.31-a0-204-g7da18cac08 (webtiles) character file.

Game seed: 948436957176941166

23 qw the Shooter (level 2, 0/16 HPs)
             Began as a Deep Elf Hunter on June 27, 2023.
             Succumbed to an adder's poison
             ... on level 2 of the Dungeon.
             The game lasted 00:00:20 (1173 turns).

qw the Shooter (Deep Elf Hunter)                    Turns: 1173, Time: 00:00:21

Health: 0/16       AC:  7    Str:  8    XL:     2   Next: 72%
Magic:  4/4        EV:  8    Int: 13    God:
Gold:   81         SH:  0    Dex: 18    Spells: 1/1 levels left

rFire   . . .        Y - +0 shortbow
rCold   . . .        (shield currently unavailable)
rNeg    . . .        e - +0 scale mail
rPois   .            (no helmet)
rElec   .            (no cloak)
rCorr   .            d - +0 pair of gloves
SInv    .            (no boots)
Will    .....        (no amulet)
Stlth   +            (no ring)
HPRegen 0.22/turn    (no ring)
MPRegen 0.09/turn

%: no passive effects
@: lethally poisoned (0 -> -2)
A: no striking features
a: no special abilities


You were on level 2 of the Dungeon.
You visited 1 branch of the dungeon, and saw 2 of its levels.

You collected 81 gold pieces.


   Skills:
 - Level 1.5 Fighting
 + Level 6.4 Ranged Weapons
 - Level 2.4 Dodging
 - Level 1.2 Stealth


You had one spell level left.
You didn't know any spells.
Your spell library was empty.

Inventory:

Hand Weapons
 Y - a +0 shortbow (weapon)
Armour
 d - a +0 pair of gloves (worn)
 e - a +0 scale mail (worn)
Scrolls
 a - a scroll of acquirement {unknown}
Potions
 b - a potion of might {unknown}
 g - a potion of degeneration {unknown}
 h - a potion of curing
 j - a potion of ambrosia {unknown}

Dungeon Overview and Level Annotations

Branches:
Dungeon (2/15)

Altars:
Xom


Message History

You kill the giant cockroach!
You see here a giant cockroach corpse.
An adder comes into view.
Found a scroll labelled VAUNGA PIAMERPH.
The adder hisses angrily.
Enter note:
Enter note:
Enter note: You shoot an arrow.
The arrow hits the adder.
The adder is heavily wounded.
You shoot an arrow. The arrow closely misses the adder.
You shoot an arrow. The arrow misses the adder.
The adder closely misses you.
You shoot an arrow. The arrow hits the adder.
The adder is heavily wounded.
The adder bites you. The adder barely misses you.
You shoot an arrow. The arrow misses the adder.
The adder bites you but does no damage. The adder closely misses you.
You shoot an arrow. The arrow closely misses the adder.
The adder closely misses you.
You shoot an arrow. The arrow barely misses the adder.
The adder bites you but does no damage. The adder bites you.
You are poisoned.
The adder poisons you!
You shoot an arrow.
The arrow hits the adder but does no damage.
The adder is heavily wounded.
You feel sick. The adder bites you but does no damage. The adder bites you.
You are more poisoned.
The adder poisons you!
You shoot an arrow. The arrow hits the adder.
The adder is severely wounded.
You feel very sick. The adder barely misses you.
The adder bites you but does no damage.
You shoot an arrow. The arrow misses the adder.
You feel sick.
The adder bites you but does no damage. x2
You shoot an arrow. The arrow barely misses the adder.
You feel sick. The adder barely misses you. The adder bites you.
You shoot an arrow. The arrow completely misses the adder.
You die...

#.#.## ##.#.#
#.##.###.##%#
#.###.#.###.#
#.# ##.## #.#
#.# #.#######
#.# #.......#
#.# #######.#
#.# #####.#
###.# #.@...#
####...#
#S#####
###....### #.
.......# #.
'#+#%#.# #.
.# #.#.# #.
######.# #?
.#.#.#.# #.
'#%#%#.#


You could see an adder.

Vanquished Creatures
  A dart slug (D:2)
  A ball python (D:1)
  An endoplasm (D:1)
  A giant cockroach (D:2)
  A goblin (D:2)
  4 hobgoblins
  A frilled lizard (D:1)
  3 kobolds (D:1)
  9 rats
22 creatures vanquished.

Notes
Turn   | Place    | Note
-------+----------+-------------------------------------------
     0 | D:1      | qw the Deep Elf Hunter began the quest for the Orb.
     0 | D:1      | Reached XP level 1. HP: 12/12 MP: 3/3
     0 | D:1      | 0 ||| qw: Version: 0.3-a-22-g0ed2b0b
     0 | D:1      | 0 ||| qw: Game counter: 6362
     0 | D:1      | 0 ||| qw: Melee chars always use a shield: true
     0 | D:1      | 0 ||| qw: God list: Okawaru
     0 | D:1      | 0 ||| qw: Allow faded altars: false
     0 | D:1      | 0 ||| qw: Do Orc after clearing Dungeon:15 true
     0 | D:1      | 0 ||| qw: Do second Lair branch before Depths: true
     0 | D:1      | 0 ||| qw: Lair rune preference: random
     0 | D:1      | 0 ||| qw: Goals: Normal
     0 | D:1      | 0 ||| PLANNING D:1-11
   547 | D:1      | Reached XP level 2. HP: 16/16 MP: 4/4
   557 | D:1      | Reached skill level 6 in Ranged Weapons
   794 | D:1      | 794 ||| UPGRADING to +0 pair of gloves.
   799 | D:1      | 799 ||| UPGRADING to +0 scale mail.
   809 | D:1      | 809 ||| DROPPING +0 leather armour.
   810 | D:1      | 810 ||| READING scroll labelled YMEMYE OVUECIPN.
   811 | D:1      | 811 ||| DRINKING 3 smoky silvery potions.
   812 | D:1      | 812 ||| DRINKING 2 brown potions.
   813 | D:1      | 813 ||| DROPPING scroll of butterflies.
   814 | D:1      | 814 ||| DROPPING 2 potions of brilliance.
  1018 | D:2      | Found a shimmering altar of Xom.
  1172 | D:2      | HP: 4/16 [poisoned by an adder]
  1172 | D:2      | HP: 1/16 [adder (3)]
  1173 | D:2      | Succumbed to an adder's poison

Levels and vault maps discovered:
D:1:      tarquinn_simple_flora_water_a, layout_basic
D:2:      layout_loops_ring, basic_altar, minmay_rat_gold_closets

Skill      XL: |  1  2 |
---------------+-------+-----
Ranged Weapons | 6 |  6.4
Fighting       | |  1.5
Dodging        | |  2.4
Stealth        | |  1.2

Action                     || total
---------------------------++-------
   Fire: Shortbow          ||    67
    Use: Potion            ||     2
         Scroll            ||     1
 Armour: Scale mail        ||    17
         Leather armour    ||     1
  Dodge: Dodged            ||    19

Table legend:
 A = Non-vault XP
 B = Vault XP
 C = Vault XP percentage of total XP
 D = Non-vault monster count
 E = Vault monster count
 F = Vault count percentage of total count
                 A         B        C        D         E       F
            +---------+---------+-------+---------+---------+-------
      Total |      25 |       8 |  24.2 |      14 |       8 |  36.4
            +---------+---------+-------+---------+---------+-------
        D:1 |      15 |       0 |   0.0 |      10 |       0 |   0.0
        D:2 |      10 |       8 |  44.4 |       4 |       8 |  66.7
            +---------+---------+-------+---------+---------+-------
